 Dungeon Crawl Stone Soup version 0.27.0-1-g7a089689b8 (webtiles) character file.

Game seed: 13338099924963884628

75 Delamore the Sneak (level 4, 0/30 HPs)
             Began as an Octopode Brigand on Aug 8, 2021.
             Shot with a stone by a goblin (3 damage)
             ... led by Robin
             ... on level 2 of the Dungeon.
             The game lasted 00:01:50 (1472 turns).

Delamore the Sneak (Octopode Brigand)               Turns: 1472, Time: 00:01:51

Health: 0/30       AC:  1    Str: 10    XL:     4   Next: 31%
Magic:  4/4        EV: 13    Int: 13    God:
Gold:   51         SH:  0    Dex: 14    Spells: 3/3 levels left

rFire    . . .     SeeInvis .   a - +2 dagger
rCold    . . .     Faith    .   (no shield)
rNeg     . . .     Spirit   .   (helmet restricted)
rPois    .         Reflect  .   (no amulet)
rElec    .         Harm     .   (no ring)
rCorr    .         Rampage  .   (no ring)
Will     .....                  (no ring)
Stlth    ++++......             (no ring)
HPRegen  0.10/turn              (no ring)
MPRegen  0.09/turn              (no ring)
                                (no ring)
                                (no ring)

@: flying
A: almost no armour, amphibious, 8 rings, camouflage 1, gelatinous body 1,
(nimble swimmer 1), tentacles
a: no special abilities


You were on level 2 of the Dungeon.
You visited 1 branch of the dungeon, and saw 2 of its levels.

You collected 51 gold pieces.

Inventory:

Hand Weapons
 a - a +2 dagger (weapon)
Missiles
 b - 4 poisoned darts (quivered)
 e - 3 javelins
Scrolls
 d - a scroll of fog {unknown}
 f - a scroll of holy word {unknown}
 g - a scroll of amnesia {unknown}


   Skills:
 + Level 2.7 Fighting
 * Level 3.4 Short Blades
 - Level 2.0 Throwing
 + Level 2.1 Dodging
 - Level 5.3 Stealth


You had 3 spell levels left.
You didn't know any spells.
Your spell library was empty.

Dungeon Overview and Level Annotations

Branches:
Dungeon (2/15)

Altars:

Shops:
D:1 [*(*


Innate Abilities, Weirdness & Mutations

You cannot wear most types of armour.
You are amphibious.
You can wear up to eight rings at the same time.
Your skin changes colour to match your surroundings (Stealth+).
Your rubbery body absorbs attacks. (AC +1, EV +1)
((You are camouflaged near water. (Stealth+)))
You have tentacles for arms and can constrict up to eight enemies at once.


Message History

You barely miss the hobgoblin.
The hobgoblin is almost dead.
You constrict the hobgoblin.
You kill the hobgoblin!
You closely miss the goblin. You grab the goblin. You constrict the goblin.
The goblin hits you with a +0 dagger.
* * * LOW HITPOINT WARNING * * *
You hit the goblin.
The goblin is severely wounded.
You constrict the goblin, but do no damage.
The goblin misses you.
You hit the goblin.
You kill the goblin!
The goblin unwields a +0 club.
The goblin wields a +0 hunting sling.
The goblin shoots a stone.
The stone barely misses you.
The goblin shoots a stone.
The stone barely misses you.
The goblin shoots a stone.
The stone hits you.
* * * LOW HITPOINT WARNING * * *
A dart slug comes into view.
The goblin shoots a stone.
The stone hits you.
* * * LOW HITPOINT WARNING * * *
The dart slug launches a dart at you. The slug dart misses you.
Okay, then.
It was a potion of flight.
You feel very buoyant.
You fly up into the air.
Okay, then.
Throw: dart (curare)
Press: ? - help, Q - select action, (/) - cycle Shift-Dir - straight line, f - dart slug
Aim: a dart slug (93% to hit)
You throw a curare-tipped dart.
The curare-tipped dart hits the dart slug.
The dart slug is poisoned.
The dart slug convulses.
The dart slug seems to slow down.
The dart slug is severely wounded.
You kill the dart slug!
There is a stone staircase leading up here.
The goblin shoots a stone.
The stone hits you.
You die...

#..#..#####..## ####..
#########..........## #..
#.........#######.## #..
#.######### ## #. #... ##.# ##.
.. #.... ####..## #.. ## ......#
.......# #(# ##..#.. .......# #.#
##.##. .......#########@# #.
.<...............# # ##
.......##†..##...## .##...
.......#..........## #....##.
##..###............######(.......
###.# #...........g...))g..# ..
###.###............#####..).# ..
..................## ..##.(.#rg
####........##...## .### #(#..


You could see a goblin.

Vanquished Creatures
  Robin (D:2)
  An adder (D:2)
  A worm (D:2)
  A dart slug (D:2)
  2 endoplasms
  4 giant cockroaches
  6 goblins
  5 hobgoblins
  5 jackals (D:1)
  A kobold (D:1)
  4 ball pythons (D:1)
  5 bats (D:1)
  5 frilled lizards
  5 rats
46 creatures vanquished.

Notes
Turn   | Place    | Note
-------+----------+-------------------------------------------
     0 | D:1      | Delamore the Octopode Brigand began the quest for the Orb.
     0 | D:1      | Reached XP level 1. HP: 14/14 MP: 1/1
   215 | D:1      | Reached XP level 2. HP: 19/19 MP: 2/2
   458 | D:1      | Reached XP level 3. HP: 22/25 MP: 3/3
   743 | D:1      | Found Guxzamy's General Store.
   871 | D:1      | Found Ocoox's General Store.
   878 | D:1      | Found Xiraw's Antique Armour Shoppe.
   915 | D:1      | Found Xunajioforph's Antique Weapon Emporium.
  1092 | D:2      | Noticed Robin
  1218 | D:2      | Found a faded altar of an unknown god.
  1435 | D:2      | Killed Robin
  1443 | D:2      | Reached XP level 4. HP: 21/30 MP: 4/4
  1472 | D:2      | Shot with a stone by a goblin

Illustrated notes

Levels and vault maps discovered:
D:1:      dpeg_arrival_snail, layout_loops_corners, serial_shops,
          nicolae_lakefront_shop, shop, shop, shop_statue, nrook_loot_triangle
D:2:      layout_rooms, hellmonk_ecumenical_altar_leap_of_faith, serial_glass,
          glass_columns_a, glass_columns_c, uniq_robin

Skill      XL: |  1  2  3 |
---------------+----------+-----
Short Blades   | 3 |  3.4
Dodging        | 2 |  2.1
Fighting       | |  2.7
Throwing       | |  2.0
Stealth        | |  5.3

Action                   |  1- 3 |  4- 6 || total
-------------------------+-------+-------++-------
Melee: Dagger            |    62 |    15 ||    77
       Constrict         |    11 |     5 ||    16
       Tentacles         |     4 |     4 ||     8
Throw: Dart              |     5 |     1 ||     6
  Use: Potion            |       |     1 ||     1
 Stab: Sleeping          |    16 |       ||    16
Armor: Skin              |     5 |       ||     5
Dodge: Dodged            |    37 |     5 ||    42
